Ada, neutral female human Valkyrie --------------- |.............| #.......d.....@C##### ###|............d| # ------------.-- ----- ### # |....########################## |...|### ### # |.|`|# # ### |...|# ### # |...+# # ### |..^| ### # ---.-################ ### ### -.-.--# |.....# |....| |....| |.<..| ------ Ada the Fighter Experience level: 6 Strength: 18/02 Dexterity: 13 Constitution: 17 Intelligence: 9 Wisdom: 11 Charisma: 8 Health: 0(52) Energy: 17(17) Def: 5 Gold: 55 Moves: 6205 Dungeon seed: IkMayyOX387UsSpE Game ID: Ada_1479124865 Your Inventory: Coins $ - 55 gold pieces Amulets F - an uncursed amulet versus poison (being worn) Weapons a - a cursed thoroughly rusty +1 long sword (weapon in hand) b - a +0 dagger r - a +0 elven dagger L - a +0 orcish short sword M - 8 cursed +0 arrows (in quiver) N - a +0 orcish short sword Armor e - an uncursed +3 small shield (being worn) z - a blessed +0 cloak of displacement (being worn) Comestibles c - 2 uncursed food rations k - an uncursed sprig of wolfsbane B - an uncursed slime mold D - an uncursed carrot Scrolls h - an uncursed scroll of fire o - 2 uncursed scrolls of identify p - a cursed scroll of identify q - an uncursed scroll of punishment w - an uncursed scroll of amnesia x - an uncursed scroll of taming A - a cursed scroll of teleportation G - an uncursed scroll of scare monster I - a cursed scroll of blank paper P - 3 uncursed scrolls of blank paper Q - a blessed scroll of blank paper Potions d - an uncursed potion of gain ability i - an uncursed potion of confusion j - an uncursed potion of blindness s - an uncursed potion of hallucination u - 2 uncursed potions of levitation O - an uncursed potion of restore ability Wands n - a wand of lightning (0:8) K - a wand of magic missile (0:7) Tools g - an uncursed tallow candle (0:200) l - a +0 pick-axe m - an uncursed lock pick t - an uncursed leash v - an uncursed blindfold E - an uncursed stethoscope Gems y - 2 uncursed worthless pieces of violet glass Spells and supernatural/magical abilities: Name Level Category Fail Memory W - pray for help -- divine ? -- Your skills at the end: Fighting Skills Weapon Skills dagger [Basic] long sword [Basic] Spellcasting Skills Final Attributes: You were piously aligned. You were cold resistant. You were poison resistant. You were displaced. You were stealthy. You were lucky. You are dead. Vanquished creatures: an imp 10 Uruk-hai a rock piercer a rock mole a pony a golden naga hatchling 2 gray oozes a ghoul a straw golem a paper golem 3 giant ants a floating eye a dwarf 4 homunculi a kobold shaman 4 rothes a giant bat a dwarf zombie 6 iguanas a killer bee a gas spore a hobbit a large kobold 2 hobgoblins 4 giant rats 2 brown molds 4 yellow molds 3 green molds a gnome 4 geckos 4 jackals a fox a kobold 12 sewer rats 12 grid bugs 5 lichens 2 kobold zombies 8 newts 111 creatures vanquished. Voluntary challenges: You had been an atheist until turn 3110. You used a wielded weapon 138 times, starting on turn 8. You read items or engraved 104 times, starting on turn 1319. You never genocided any monsters. You never polymorphed an object. You never changed form. You used no wishes. You never split a pudding. You wrote Elbereth's name 99 times, starting on turn 5108. You never violated your personal moral code. Dungeon overview: The Dungeons of Doom: levels 1 to 8 Level 1 a long staircase Level 2 a general store Level 3 Level 4 a scroll shop Level 5 a potion shop, a fountain Level 6 Level 7 many fountains Level 8 <- You were here History has recorded: On T:1 you entered the Dungeons of Doom to retrieve the Amulet of Yendor! On T:725 you reached level 2 of The Dungeons of Doom. On T:1047 you reached level 3 of The Dungeons of Doom. On T:1055 you advanced to experience level 2. On T:1412 you advanced to experience level 3. On T:1525 you reached level 4 of The Dungeons of Doom. On T:1959 you reached level 5 of The Dungeons of Doom. On T:2162 you advanced to experience level 4. On T:2574 you reached level 6 of The Dungeons of Doom. On T:3211 you reached level 7 of The Dungeons of Doom. On T:3373 you advanced to experience level 5. On T:5067 you advanced to experience level 6. On T:6040 you reached level 8 of The Dungeons of Doom. Score breakdown: Gold: 55 ( 5946 points) Experience: 6 levels (12456 points) Exploration: 8 levels ( 16.00%) (11338 points) Discoveries: 3 items ( 1.22%) ( 3312 points) Valuables value: (no points given unless you survive) Artifact value: 0 ( 0 points) Variety of kills: 38 monsters ( 9.97%) ( 9474 points) Turncount: 6205 turns (-1673 points) Survival: died (score multiplied by 80%) Total score: 32682 Latest messages: The homunculus bites! You hit the homunculus! The homunculus bites! You kill the homunculus! You displace ÓãA. A horse blocks your way. You displace ÓãA. You miss the wolf. The wolf bites! You hit the wolf. The wolf bites! You hit the wolf. The wolf bites! You hit the wolf! The wolf bites! The crossbow bolt misses ÓãA. You displace ÓãA. The plains centaur picks up a crossbow bolt. The plains centaur swings her crossbow. The plains centaur hits! The plains centaur kicks! You die... Final status: Farvel Ada the Valkyrie, killed by a plains centaur... You died in The Dungeons of Doom on dungeon level 8 with 32682 points, and 55 pieces of gold, after 6205 moves. You were level 6 with a maximum of 52 hit points when you died.